 Dungeon Crawl Stone Soup version 0.22.1-5-g62c59d919a (webtiles) character file.

2041 Rediskos the Scholar of Death (level 9, 0/52 HPs)
             Began as a Deep Elf Necromancer on Jan 16, 2019.
             Was a Follower of Kikubaaqudgha.
             Slain by a killer bee (6 damage)
             ... on level 6 of the Dungeon.
             The game lasted 00:50:15 (9775 turns).

Rediskos the Scholar of Death (DENe)                Turns: 9775, Time: 00:50:16

Health: 0/52       AC:  6    Str:  5    XL:     9   Next: 4%
Magic:  2/22       EV: 15    Int: 24    God:    Kikubaaqudgha [*.....]
Gold:   214        SH:  0    Dex: 15    Spells: 8/23 levels left

rFire    . . .     SeeInvis .   a - +0 spear
rCold    . . .     Gourm    .   (no shield)
rNeg     . . .     Faith    .   g - +0 leather armour
rPois    .         Spirit   .   s - +2 helmet
rElec    .         Reflect  .   (no cloak)
rCorr    .         Harm     .   (no gloves)
MR       .....                  (no boots)
Stlth    ++........             (no amulet)
HPRegen  0.17/turn              (no ring)
MPRegen  0.18/turn              (no ring)

@: lethally poisoned (0 -> -5)
A: no striking features
a: Receive Corpses, Renounce Religion


You were on level 6 of the Dungeon.
You worshipped Kikubaaqudgha.
Kikubaaqudgha was aware of your devotion.
You were hungry.

You visited 1 branch of the dungeon, and saw 7 of its levels.

You collected 352 gold pieces.
You spent 138 gold pieces at shops.

Inventory:

Hand Weapons
 a - a +0 spear (weapon)
 b - a +0 hunting sling
 p - a +0 dagger
Missiles
 e - 34 poisoned needles
 m - 50 stones (quivered)
 y - 7 sling bullets
Armour
 g - a +0 leather armour (worn)
 s - a +2 helmet (worn)
Jewellery
 j - an uncursed amulet of faith {unknown}
 l - an uncursed ring of positive energy
 t - an uncursed amulet of magic regeneration {unknown}
 w - an uncursed ring of magical power {unknown}
Scrolls
 d - 3 scrolls of enchant armour
 k - a scroll of blinking
 n - 2 scrolls of remove curse
 o - 3 scrolls of teleportation
 q - a scroll of immolation
 v - 2 scrolls of identify
 B - a scroll of magic mapping {unknown}
 C - a scroll of fog
 D - a scroll of fear
Potions
 f - a potion of curing
 h - 3 potions of cancellation
 i - a potion of haste {unknown}
 r - 3 potions of might {unknown}
 u - a potion of ambrosia {unknown}
 x - a potion of degeneration {unknown}
 A - 2 potions of brilliance {unknown}
Comestibles
 c - 11 rations


   Skills:
 + Level 4.3 Fighting
 + Level 1.1 Polearms
 + Level 7.0 Dodging
 - Level 2.4 Stealth
 + Level 7.8 Spellcasting
 - Level 3.1 Charms
 + Level 9.0 Necromancy


You had 8 spell levels left.
You knew the following spells:

 Your Spells              Type           Power        Failure   Level  Hunger
a - Pain                  Necr           ####         1%          1    None
b - Animate Skeleton      Necr           N/A          1%          1    None
c - Apportation           Tloc           #.....       11%         1    None
d - Animate Dead          Necr           N/A          2%          4    ###....
r - Regeneration          Chrm/Necr      #####.....   2%          3    None
s - Sublimation of Blood  Necr           ######....   1%          2    None
v - Vampiric Draining     Necr           ######....   1%          3    None

Your spell library contained the following spells:

 Spells                   Type           Power        Failure   Level  Hunger
 Confusing Touch          Hex            #.....       11%         1    None
 Summon Small Mammal      Summ           #...         11%         1    None
 Confuse                  Hex            #.......     32%         3    None
 Gell's Gravitas          Tloc           #.........   32%         3    None
 Petrify                  Tmut/Erth      #.......     73%         4    ###....
 Metabolic Englaciation   Hex/Ice        #.........   97%         5    #####..
 Yara's Violent Unravell  Hex/Tmut       #.........   97%         5    #####..


Dungeon Overview and Level Annotations

Branches:
Dungeon (7/15)             Temple (0/1) D:5

Altars:
Cheibriados
Gozag
Kikubaaqudgha
Makhleb

Shops:
D:4 *!:(*   D:5 }?(*[**

Annotations:
D:4 3 runed doors, rumpelstilzz's ghost, amateur TrAM


Message History

The killer bee is heavily wounded.
You feel sick. The killer bee stings you.
* * * LOW HITPOINT WARNING * * *
The killer bee completely misses you.
You hit the killer bee.
The killer bee is severely wounded.
Your skin stops crawling.
You feel sick.
The killer bee stings you but does no damage.
The killer bee stings you.
* * * LOW HITPOINT WARNING * * *
You closely miss the killer bee.
The killer bee is severely wounded.
You feel sick. The killer bee closely misses you.
The killer bee barely misses you.
You barely miss the killer bee.
The killer bee is severely wounded.
You feel sick. The killer bee stings you.
You die...
Kikubaaqudgha rasps: "You have failed me!
Welcome... death!"

#.# #.# ######## ######## #.#
.......# #......# ###.####
######.#### #.####.#####.#.#...
#.......# #.# #............##
#.##.##.# #.# #..#####.....# #
#....# #.###..# ##...## #.<..#
#.@y(.(# ##.## #....# #####.##
#.# ##.#.# #.# #.# #.###.#.# #.#
##'## #.......# #.# ##...##
#####.##### ###.# ##<....##
####........# #...# ##.......#
#.......###.#####...####.........
.......................+.........


You could see a killer bee.

Vanquished Creatures
  A hippogriff (D:7)
  Duvessa (D:5)
  A water moccasin (D:6)
  An ice beast (D:4)
  2 ogres
  2 centaurs (D:5)
  A bullfrog (D:6)
  Dowan (D:5)
  2 scorpions
  2 killer bees (D:6)
  A howler monkey (D:5)
  A jelly (D:4)
  3 hounds
  2 orc priests (D:4)
  An iron imp (D:6)
  A bullfrog skeleton (D:7)
  A centaur skeleton (D:5)
  2 iguanas
  5 orc wizards
  5 worker ants
  A killer bee zombie (D:5)
  A hound skeleton (D:4)
  Robin (D:3)
  4 gnolls
  7 adders
  A shadow imp (D:5)
  3 worms
  3 leopard geckos
  11 orcs
  A ball python (D:2)
  7 bats
  9 giant cockroaches
  12 goblins
  4 hobgoblins
  3 jackals (D:5)
  A quokka (D:2)
  5 frilled lizards
  2 kobolds (D:3)
  7 rats
119 creatures vanquished.

Vanquished Creatures (collateral kills)
  A killer bee (D:7)
  A crimson imp (D:5)
  2 orc priests (D:4)
  An orc wizard (D:4)
  An iguana (D:4)
  2 dart slugs
  2 orcs (D:4)
  2 giant cockroaches
  A goblin (D:2)
  A quokka skeleton (D:5)
14 creatures vanquished.

Grand Total: 133 creatures vanquished

Notes
Turn   | Place    | Note
-------+----------+-------------------------------------------
     0 | D:1      | Rediskos the Deep Elf Necromancer began the quest for the
                  | Orb.
     0 | D:1      | Reached XP level 1. HP: 10/10 MP: 6/6
     2 | D:1      | Learned a level 1 spell: Animate Skeleton
   930 | D:1      | Reached XP level 2. HP: 15/16 MP: 5/8
  1242 | D:2      | Reached skill level 5 in Necromancy
  1385 | D:2      | Reached XP level 3. HP: 16/20 MP: 7/10
  1568 | D:2      | Reached skill level 1 in Fighting
  2462 | D:2      | Learned a level 3 spell: Regeneration
  2700 | D:3      | Reached XP level 4. HP: 21/25 MP: 2/12
  2730 | D:3      | Learned a level 4 spell: Animate Dead
  3053 | D:3      | Reached skill level 1 in Charms
  3419 | D:3      | Noticed Robin
  3441 | D:3      | Killed Robin
  4285 | D:4      | Reached XP level 5. HP: 28/28 MP: 11/13
  4290 | D:4      | Learned a level 3 spell: Vampiric Draining
  4482 | D:4      | Reached XP level 6. HP: 18/34 MP: 7/15
  4541 | D:4      | Found Huiwij's Weapon Emporium.
  4576 | D:4      | Found Iribair's Distillery.
  4579 | D:4      | Bought a potion of heal wounds for 55 gold pieces
  4825 | D:4      | Found Juub's General Store.
  4832 | D:4      | Bought a scroll of teleportation for 33 gold pieces
  4985 | D:4      | Reached skill level 5 in Spellcasting
  4985 | D:4      | Reached skill level 6 in Necromancy
  5165 | D:4      | Found a runed gate.
  5165 | D:4      | Found a runed gate.
  5165 | D:4      | Found a runed gate.
  5172 | D:4      | Noticed rumpelstilzz's ghost (amateur TrAM)
  5268 | D:4      | Found Lymiarph's Book Shop.
  5329 | D:4      | Found Cirrel's General Store.
  6109 | D:5      | Entered Level 5 of the Dungeon
  6141 | D:4      | Reached XP level 7. HP: 35/40 MP: 6/17
  6225 | D:5      | Found an ancient bone altar of Kikubaaqudgha.
  6238 | D:5      | Found a burning altar of Makhleb.
  6239 | D:5      | Found an opulent altar of Gozag.
  6287 | D:4      | Reached skill level 5 in Dodging
  6445 | D:5      | Became a worshipper of Kikubaaqudgha
  6446 | D:5      | Found Edeistido's General Store.
  6457 | D:5      | Reached skill level 7 in Necromancy
  6651 | D:5      | Found Qoclaysi's Assorted Antiques.
  6911 | D:5      | Reached XP level 8. HP: 28/46 MP: 15/19
  6938 | D:5      | Found Zisuje's Magic Scroll Shop.
  6938 | D:5      | Found Vaenizepp's Antique Weapon Shop.
  6939 | D:5      | Found Pisibo Ykai's General Store.
  6941 | D:5      | Found Seshufau's Antique Armour Shop.
  6945 | D:5      | Bought a potion of heal wounds for 50 gold pieces
  7028 | D:5      | Found Biegixebas's Gadget Shop.
  7097 | D:5      | Found a staircase to the Ecumenical Temple.
  7280 | D:5      | Noticed Dowan
  7288 | D:5      | Noticed Duvessa
  7307 | D:5      | Killed Duvessa
  7319 | D:5      | Killed Dowan
  7569 | D:5      | Reached skill level 8 in Necromancy
  7744 | D:5      | Learned a level 1 spell: Apportation
  7986 | D:6      | Found a snail-covered altar of Cheibriados.
  9325 | D:7      | Noticed a hippogriff
  9351 | D:7      | Reached * piety under Kikubaaqudgha
  9351 | D:7      | Identified Kikubaaqudgha's Tome of Darkness (Kikubaaqudgha
                  | gifted it to you on level 7 of the Dungeon)
  9351 | D:7      | Received a gift from Kikubaaqudgha
  9369 | D:7      | Learned a level 2 spell: Sublimation of Blood
  9681 | D:7      | Killed a hippogriff
  9681 | D:7      | Reached skill level 1 in Polearms
  9681 | D:7      | Reached skill level 9 in Necromancy
  9731 | D:6      | Reached XP level 9. HP: 20/52 MP: 2/22
  9775 | D:6      | Slain by a killer bee

Skill      XL: |  1  2  3  4  5  6  7  8  9 |
---------------+----------------------------+-----
Necromancy     | 5 6 7 9 |  9.0
Dodging        | 3 4 5 6 7 |  7.0
Fighting       | 1 2 3 4 |  4.3
Spellcasting   | 4 5 6 7 |  7.8
Charms         | 1 2 3 |  3.1
Polearms       | 1 |  1.1
Stealth        | |  2.4

Action                   |  1- 3 |  4- 6 |  7- 9 || total
-------------------------+-------+-------+-------++-------
Melee: Dagger            |    51 |   113 |       ||   164
       Spear             |       |     9 |   368 ||   377
 Fire: Hunting sling     |       |    49 |   105 ||   154
 Cast: Pain              |    65 |    90 |   116 ||   271
       Animate Skeleton  |     6 |       |     2 ||     8
       Regeneration      |     1 |    16 |    26 ||    43
       Animate Dead      |       |     5 |    10 ||    15
       Vampiric Draining |       |     3 |    13 ||    16
       Sublimation of Bl |       |       |     4 ||     4
  Use: Scroll            |       |    11 |       ||    11
       Potion            |       |     1 |     2 ||     3
  Eat: Chunk             |     5 |     9 |     9 ||    23
       Ration            |       |     1 |     2 ||     3
Armor: Leather armour    |     3 |    48 |   142 ||   193
Dodge: Dodged            |     4 |   126 |   398 ||   528
